Description

Trying an edit for a P CIA build order.

Build Order

Get SALT Encoding   

  12  0:00  Probe  
  13  0:12  Probe  
  14  0:19  Pylon  
  14  0:24  Probe  
  15  0:33  Probe  
  15  0:39  Gateway  
  15  0:41  Probe  
  16  0:47  Assimilator  
  17  0:51  Probe  
  18  1:03  Probe  
  19  1:16  Probe  
  20  1:23  Pylon  
  20  1:33  Cybernetics Core  
  20  1:35  Probe  
  21  1:41  Assimilator  
  21  1:48  Probe  
  22  1:54  Pylon  
  22  2:00  Stalker  
  23  2:10  Warp Gate  
  26  2:20  Robotics Facility  
  26  2:24  Shield Battery  
  28  2:37  Sentry  
  35  3:08  Observer  
  37  3:15  Pylon  
  37  3:18  Stalker  
  42  3:27  Immortal  
  48  3:42  Assimilator x2  
  48  3:47  Twilight Council  
  48  3:48  Forge  
  50  3:59  Pylon  
  52  4:11  Immortal, Gateway x2  
  52  4:14  Protoss Ground Weapons Level 1  
  54  4:18  Charge  
  58  4:34  Pylon  
  59  4:40  Gateway  
  59  4:46  Templar Archives  
  59  4:51  Gateway x2  
  59  5:01  Gateway  
  59  5:05  Zealot  
  61  5:10  Zealot x2  
  65  5:21  Warp Prism  
  65  5:32  High Templar x2  
  71  5:36  Archon  
  71  5:38  High Templar x2  
  75  5:47  Zealot x2  
  79  5:58  Archon  
  79  6:01  Zealot x3  
  85  6:25  High Templar x2  
  87  6:27  Zealot x2  
  99  6:35  Archon  
  99  6:49  High Templar x2  
  99  6:53  Archon  
Spawning Tool Build Advisor. Get it on Overwolf

Go to:

Details

  • Created by: djryanash
  • Published on: Aug 26, 2026
  • Modified on: Aug 26, 2026
  • Patch: 5.0.16
  • Difficulty: Easy
Show
View Real Time Build Order
Export as new Build Order

Comments (0)

There are no comments. Be the first!

Create an account to comment!